 Dungeon Crawl Stone Soup version 0.16-a0-3074-gc0bb631 (webtiles) character file.

4961 Ololoev the Cleaver (level 10, -3/70 HPs)
             Began as a Vine Stalker Berserker on Dec 11, 2014.
             Was an Elder of Trog.
             Slain by a raven (4 damage)
             ... led by a tengu conjurer
             ... on level 13 of the Dungeon.
             The game lasted 00:31:58 (2888 turns).

Ololoev the Cleaver (Vine Stalker Berserker)        Turns: 2888, Time: 00:31:59

Health: -3/70      AC:  6    Str: 28    XL:     10   Next: 53%
Magic:  0/14       EV: 13    Int:  7    God:    Trog [****..]
Gold:   231        SH:  0    Dex: 14    Spells: 0 memorised, 9 levels left

rFire  . . .     SeeInvis .     a - +0 hand axe
rCold  . . .     Rnd*Rage +     f - +0 ring mail {rPois} (curse)
rNeg   . . .     SustAb   .     (no shield)
rPois  +         Gourm    .     (helmet restricted)
rElec  .         Spirit   +     (no cloak)
rCorr  .         Warding  .     (no gloves)
rMut   .         Stasis   .     (no boots)
MR     +++..                    (no amulet)
Stlth  ..........               (no ring)
                                (no ring)

@: berserking, regenerating, very quick, extremely resistant to hostile
enchantments, extremely unstealthy
A: antennae 1, fangs 3, repulsion field 1, berserk 1, high mp 1, regeneration 2,
spit poison 1, wild magic 1, magic shield, antimagic bite, no device heal 3, rot
immunity
a: Spit Poison, Burn Spellbooks, Berserk, Trog's Hand, Brothers in Arms,
Renounce Religion


You were on level 13 of the Dungeon.
You worshipped Trog.
Trog was greatly pleased with you.
You were hungry.

You visited 1 branch of the dungeon, and saw 13 of its levels.

You collected 231 gold pieces.

Notes
Turn   | Place    | Note
--------------------------------------------------------------
     0 | D:1      | Ololoev, the Vine Stalker Berserker, began the quest for the Orb.
     0 | D:1      | Reached XP level 1. HP: 11/11 MP: 1/1
    28 | D:1      | Reached skill level 3 in Axes
    33 | D:1      | Reached XP level 2. HP: 14/16 MP: 3/3
   104 | D:1      | Acquired Trog's second power
   242 | D:2      | Found a shattered altar of Ashenzari.
   284 | D:2      | Reached XP level 3. HP: 19/19 MP: 4/4
   580 | D:4      | Reached XP level 4. HP: 23/23 MP: 5/5
   583 | D:4      | Reached skill level 4 in Axes
   585 | D:4      | Reached skill level 1 in Throwing
   585 | D:4      | Reached XP level 5. HP: 27/27 MP: 7/7
   735 | D:4      | Gained mutation: You heal very quickly. [vine stalker growth]
   735 | D:4      | Reached XP level 6. HP: 22/32 MP: 4/8
   835 | D:4      | Reached skill level 5 in Axes
   858 | D:4      | Found a staircase to the Ecumenical Temple.
   862 | D:4      | Found Xeaget's Food Boutique.
   888 | D:5      | Entered Level 5 of the Dungeon
  1050 | D:6      | Noticed Ijyb
  1095 | D:6      | Killed Ijyb
  1244 | D:6      | Reached XP level 7. HP: 22/35 MP: 9/9
  1313 | D:6      | Found an ancient bone altar of Kikubaaqudgha.
  1328 | D:6      | Found a shadowy altar of Dithmenos.
  1381 | D:7      | Noticed DEFE's ghost (experienced MfSk)
  1399 | D:7      | Killed DEFE's ghost
  1399 | D:7      | Reached skill level 7 in Axes
  1399 | D:7      | Gained mutation: You have razor-sharp teeth. [vine stalker growth]
  1399 | D:7      | Reached XP level 8. HP: 36/39 MP: 11/11
  1617 | D:7      | Found a radiant altar of Vehumet.
  1650 | D:7      | Acquired Trog's third power
  1703 | D:7      | Reached XP level 9. HP: 14/43 MP: 3/12
  1712 | D:7      | Found an opulent altar of Gozag.
  1967 | D:8      | Reached skill level 8 in Axes
  2056 | D:9      | Reached skill level 5 in Throwing
  2056 | D:9      | Reached skill level 5 in Armour
  2132 | D:9      | Found a deep blue altar of Sif Muna.
  2150 | D:10     | Entered Level 10 of the Dungeon
  2318 | D:11     | Noticed a cyan ugly thing
  2330 | D:10     | Reached skill level 9 in Axes
  2339 | D:10     | Gained mutation: You tend to lose your temper in combat. [mutagenic meat]
  2340 | D:10     | Gained mutation: Your spells are a little harder to cast, but a little more powerful. [mutagenic meat]
  2341 | D:10     | Gained mutation: You have a pair of small antennae on your head. [mutagenic meat]
  2390 | D:11     | Killed a cyan ugly thing
  2390 | D:11     | Reached XP level 10. HP: 12/47 MP: 13/13
  2404 | D:11     | Gained mutation: You are surrounded by a mild repulsion field (EV +2). [mutagenic meat]
  2405 | D:11     | Gained mutation: You have an increased reservoir of magic (+10% MP). [mutagenic meat]
  2407 | D:11     | Gained mutation: You can spit poison. [mutagenic meat]
  2494 | D:11     | Found a shadowy altar of Dithmenos.
  2591 | D:12     | Noticed a hill giant
  2633 | D:12     | Killed a hill giant
  2633 | D:12     | Reached skill level 10 in Axes
  2888 | D:13     | HP: 1/70 [raven[a tengu conjurer] (7)]
  2888 | D:13     | Slain by a raven

Inventory:

Hand weapons
 a - a +0 hand axe (weapon)
 b - a +1 blowgun
Missiles
 q - 12 poisoned needles
 r - 7 curare-tipped needles
Armour
 f - a cursed +0 ring mail of poison resistance (worn)
Magical devices
 n - a wand of paralysis (6)
 v - a wand of flame (22)
 A - a wand of cold (9)
Scrolls
 d - a scroll of enchant weapon
 i - a scroll of identify
 j - a scroll of immolation
 t - 2 scrolls of remove curse
 w - 2 scrolls of fog
 x - 2 scrolls of enchant armour
 C - a scroll of blinking
 D - a scroll of teleportation
Potions
 e - a potion of curing {unknown}
 g - a potion of haste
 l - a potion of lignification {unknown}
 m - 2 potions of heal wounds {unknown}
 o - 4 potions of agility {unknown}
 p - a potion of poison {unknown}
 u - a potion of brilliance {unknown}
 z - a potion of magic {unknown}
Books
 s - a book of Power

   Spells                             Type                      Level
   a - Fulminant Prism                Conjuration/Hexes            4
   b - Iskenderun's Mystic Blast      Conjuration                  4
   c - Venom Bolt                     Conjuration/Poison           5
   d - Bolt of Magma                  Conjuration/Fire/Earth       5
   e - Iron Shot                      Conjuration/Earth            6
   f - Orb of Destruction             Conjuration                  7
   g - Spellforged Servitor           Conjuration/Summoning        7
   Trog disapproves of the use of such an item.
 y - a book of Maledictions

   Spells                             Type                      Level
   a - Corona                         Hexes                        1
   b - Sure Blade                     Hexes/Charms                 2
   c - Ensorcelled Hibernation        Hexes/Ice                    2
   d - Confuse                        Hexes                        3
   e - Dazzling Spray                 Conjuration/Hexes            3
   f - Enslavement                    Hexes                        4
   Trog disapproves of the use of such an item.
Comestibles
 c - 3 bread rations
 h - 5 meat rations
 B - 8 royal jellies
 E - 2 fruits

Table legend:
 A = Turns spent in this place as a percentage of turns spent in the entire game.
 B = Non-inter-level travel turns spent in this place as a percentage of non-inter-level travel turns spent in the entire game.
 C = Inter-level travel turns spent in this place as a percentage of turns spent in this place.
 D = Turns resting spent in this place as a percentage of non-inter-level travel turns spent in this place.
 E = Turns spent auto-exploring this place as a percentage of non-inter-level travel turns spent in this place.
 F = Non-inter-level travel turns spent in this place divided by the number of levels of this place that you've seen.
                   A       B       C       D       E      F
               +-------+-------+-------+-------+-------+----------------------
         Total | 100.0 | 100.0 |   0.4 |   3.0 |   0.1 | 184.4
       Dungeon | 100.0 | 100.0 |   0.4 |   3.0 |   0.1 | 184.4
               +-------+-------+-------+-------+-------+----------------------


   Skills:
 - Level 2.6 Fighting
 * Level 10.3 Axes
 + Level 6.7 Throwing
 + Level 6.5 Armour
 - Level 1.5 Dodging


You had 9 spell levels left.
You didn't know any spells.

Dungeon Overview and Level Annotations

Branches:
Dungeon (13/15)            Temple (0/1) D:4
   Lair: D:8-11         Orc: D:9-12      Vaults: D:13-14

Altars:
Ashenzari
Dithmenos
Gozag
Kikubaaqudgha
Sif Muna
Vehumet

Shops:
D:4 %

Annotations:
D:7 exclusion: statue


Innate Abilities, Weirdness & Mutations

You have razor-sharp teeth.
You heal very quickly.
When hurt, damage is shared between your health and your magic reserves.
Your bite disrupts and absorbs the magic of your enemies.
Potions and wands cannot restore your health.
You are immune to rotting.
You have a pair of small antennae on your head.
You are surrounded by a mild repulsion field (EV +2).
You tend to lose your temper in combat.
You have an increased reservoir of magic (+10% MP).
You can spit poison.
Your spells are a little harder to cast, but a little more powerful.


Message History

The raven closely misses you. The raven barely misses you.
The tengu conjurer gestures at you while chanting.
The lance of force hits you!
You are knocked back by the lance of force.
A raven comes into view.
Use which ability? (? or * to list)
You fail to use your ability.
The raven caws.
The tengu conjurer casts a spell.
The tengu conjurer conjures a globe of magical energy!
Use which ability? (? or * to list)
You fail to use your ability.
The raven pecks you. The raven claws you but does no damage.
Use which ability? (? or * to list)
You fail to use your ability.
The raven barely misses you. The raven barely misses you. The raven pecks you!
The raven misses you.
Use which ability? (? or * to list)
You fail to use your ability.
You are feeling hungry.
The raven pecks you! The raven claws you but does no damage.
The raven completely misses you. The raven misses you.
The raven pecks you but does no damage. The raven barely misses you.
The raven barely misses you. The raven claws you.
Read which item? (? for menu, Esc to quit)
Okay, then.
Use which ability? (? or * to list)
A red film seems to cover your vision as you go berserk!
You feel yourself moving faster!
You feel mighty!
You feel somewhat more hungry. The raven pecks you.
The raven claws you but does no damage. The raven pecks you but does no damage.
The raven claws you. The raven barely misses you. The raven claws you!
The raven closely misses you. The raven claws you but does no damage.
The tengu conjurer completely misses you.
The tengu conjurer pecks you but does no damage.
The tengu conjurer claws you.
You barely miss the tengu conjurer. You closely miss the raven.
You slash the raven!
The raven is heavily wounded.
The raven pecks you! The raven claws you.
You die...

....# ##... # . .. .. ..
.## ##.# ... ...### ###.#
#...###...# #(....#@###
##. #>...*Qbb.#....
###### #......Q....####
.....## #...............
......####............##.
................#####...
.......#######...# # #
.......# #.#.# ......)#
#.>Q#


You could see 2 ravens and 2 tengu conjurers.

Table legend:
 A = Kills in this place as a percentage of kills in entire the game.
 B = Kills by you in this place as a percentage of kills by you in the entire game.
 C = Kills by friends in this place as a percentage of kills by friends in the entire game.
 D = Other kills in this place as a percentage of other kills in the entire game.
 E = Experience gained in this place as a percentage of experience gained in the entire game.
 F = Experience gained in this place divided by the number of levels of this place that you have seen.
                   A       B       C       D       E      F
               +-------+-------+-------+-------+-------+----------------------
         Total | 100.0 | 100.0 |  -nan |  -nan | 100.0 | 545.2
       Dungeon | 100.0 | 100.0 |  -nan |  -nan | 100.0 | 545.2
               +-------+-------+-------+-------+-------+----------------------

Vanquished Creatures
  The ghost of DEFE the Charmwright, an experienced MfSk (D:7)
  A hill giant (D:12)
  An ugly thing (D:11)
  A centaur skeleton (D:13)
  A troll (D:11)
  4 yaks
  A deep elf mage (D:13)
  A wyvern (D:13)
  A mottled dragon (D:12)
  A sky beast (D:10)
  An ice beast (D:9)
  An orc warrior (D:7)
  3 centaurs
  An ogre (D:7)
  A yellow wasp (D:11)
  A big kobold (D:11)
  4 giant frogs
  2 scorpions
  4 wights (D:10)
  A yellow wasp zombie (D:13)
  A centaur zombie (D:6)
  A crimson imp (D:7)
  3 jellies (D:8)
  3 hounds
  4 orc priests
  2 worker ants
  3 orc wizards
  Ijyb (D:6)
  A mummy (D:10)
  4 gnolls (D:4)
  A worker ant zombie (D:6)
  11 adders
  A giant mite (D:6)
  A shadow imp (D:8)
  An adder skeleton (D:5)
  5 oozes (D:8)
  22 orcs
  11 bats
  A giant cockroach (D:4)
  6 hobgoblins
  4 jackals (D:6)
  6 quokkas
  5 giant newts
  11 goblins
  A jackal skeleton (D:7)
  8 kobolds
  4 rats
  4 ballistomycetes
158 creatures vanquished.

Vanquished Creatures (others)
  2 giant spores
2 creatures vanquished.

Grand Total: 160 creatures vanquished

Action                   |  1- 3 |  4- 6 |  7- 9 | 10-12 || total
-------------------------+-------+-------+-------+-------++-------
Melee: Hand axe          |    77 |   174 |   199 |    80 ||   530
 Fire: Blowgun           |       |       |     6 |    11 ||    17
Invok: Berserk           |     1 |     2 |     8 |     2 ||    13
       Trog's Hand       |       |     1 |     3 |     2 ||     6
  Use: Scroll            |       |       |     5 |     5 ||    10
  Eat: Chunk             |       |     5 |     6 |     7 ||    18
       Fruit             |       |       |     3 |       ||     3
       Beef jerky        |       |       |     1 |     1 ||     2
       Royal jelly       |       |       |     2 |       ||     2

Vault maps used:
D:1:      minmay_arrival_shattered_statue, hangedman_feature_mirror, st_stairs_7
D:2:      ashenzari_altar_1
D:4:      minmay_temple_entry_large_hall, first_bread, serial_shops, shop,
          minmay_misc_feat_hallway
D:5:      grunt_temple_overflow_forces_of_nature, tso_altar
D:6:      trog_ov_bears_minmay, amethyst_overflow_temple_binary,
          portal_sewer_entry_d, uniq_iyjb
D:7:      grunt_gozag_statues, vehumet_statue, uniq_menkaure
D:8:      serial_shops, nicolae_shop_behind_doors,
          hangedman_little_slice_of_home, hangedman_decor_growths
D:9:      lemuel_crystal_altar, minitemple, minmay_lair_entry_grove,
          serial_shops, nicolae_shop_behind_doors, shop_fountains, uniq_joseph
D:10:     erik_lair_island
D:11:     stair_cage_cross, grunt_dithmenos_smoke
D:12:     serial_shops, shop, minmay_misc_feat_chi, uniq_erica, uniq_urug
D:13:     enter_bailey_3
